 Dungeon Crawl Stone Soup version 0.22-a0-322-g60b3cfd (webtiles) character file.

17965 grizmgrazm2 the Peltast (level 12, -17/103 HPs)
             Began as a Minotaur Fighter on Apr 2, 2018.
             Was a High Priest of Qazlal.
             Demolished by a death yak (18 damage)
             ... on level 2 of the Lair of Beasts.
             The game lasted 00:29:25 (10611 turns).

grizmgrazm2 the Peltast (Minotaur Fighter)         Turns: 10611, Time: 00:29:26

Health: -17/103    AC: 24    Str: 23    XL:     12   Next: 23%
Magic:  11/11      EV:  6    Int:  5    God:    Qazlal [*****.]
Gold:   739        SH: 30    Dex: 13    Spells: 11/11 levels left

rFire    . . .     SeeInvis .   L - +7 flail "Hewaga" {flame, rElec rF- rC+}
rCold    + . .     Gourm    +   e - +2 large shield
rNeg     + . .     Faith    .   g - +1 plate armour
rPois    .         Spirit   .   (helmet restricted)
rElec    +         Reflect  .   F - +2 cloak
rCorr    .         Harm     .   h - +0 pair of gloves
MR       .....                  B - +0 pair of boots (curse)
Stlth    ..........             J - amulet of the gourmand
HPRegen  0.27/turn              a - ring of positive energy
MPRegen  0.12/turn              E - ring of protection from fire

@: protected from physical damage, hasted, repel missiles, very quick
A: retaliatory headbutt, horns 2
a: Upheaval, Elemental Force, Disaster Area, Renounce Religion


You were on level 2 of the Lair of Beasts.
You worshipped Qazlal.
Qazlal was extremely pleased with you.
You were very full.

You visited 3 branches of the dungeon, and saw 13 of its levels.
You also visited: Ossuary.

You collected 739 gold pieces.

Inventory:

Hand Weapons
 y - a +4 flail of crushing
 L - the +7 flail "Hewaga" (weapon) {flame, rElec rF- rC+}
   (You found it on level 1 of the Lair of Beasts)

   It has been specially enchanted to burn those struck by it, causing extra
   injury to most foes and up to half again as much damage against particularly
   susceptible opponents.
   It makes you vulnerable to fire.
   It protects you from cold.
   It insulates you from electricity.
Armour
 e - a +2 large shield (worn)
 g - a +1 plate armour (worn)
 h - a +0 pair of gloves (worn)
 B - a cursed +0 pair of boots (worn)
 F - a +2 cloak (worn)
Jewellery
 a - a ring of positive energy (left hand)
 b - the ring "Bucvis" {*Drain rElec rF+++ MR+ Slay-6}
   (You found it on level 9 of the Dungeon)

   [ring of protection from magic]

   It affects your accuracy and damage with ranged weapons and melee attacks
   (-6).
   It renders you almost immune to fire.
   It insulates you from electricity.
   It affects your resistance to hostile enchantments.
   It causes draining when unequipped.
 c - an uncursed ring of poison resistance
 p - a +4 ring of intelligence
 s - an uncursed ring of flight
 t - an uncursed amulet of magic regeneration
 E - a ring of protection from fire (right hand)
 J - an amulet of the gourmand (around neck)
Wands
 u - a wand of acid (8)
 v - a wand of polymorph (16)
 x - a wand of flame (26)
 I - a wand of disintegration (9)
 K - a wand of paralysis (9)
 N - a wand of clouds (3)
Scrolls
 d - a scroll of blinking {unknown}
 i - 8 scrolls of teleportation
 m - 3 scrolls of remove curse
 o - a scroll of fog
 w - 4 scrolls of amnesia
 z - a scroll of fear
 G - 4 scrolls of identify
 M - a scroll of torment {unknown}
 O - a scroll of silence {unknown}
Potions
 j - 3 potions of flight
 k - 5 potions of curing
 n - a potion of mutation {unknown}
 q - a potion of ambrosia {unknown}
 r - 3 potions of agility {unknown}
 A - a potion of resistance {unknown}
 C - a potion of might
 D - a potion of brilliance {unknown}
 H - a potion of berserk rage {unknown}
Comestibles
 f - 18 rations


   Skills:
 + Level 8.6 Fighting
 + Level 12.4 Maces & Flails
 + Level 9.7 Armour
 + Level 2.1 Dodging
 - Level 0.1 Stealth
 + Level 16.2 Shields


You had 11 spell levels left.
You didn't know any spells.

Dungeon Overview and Level Annotations

Branches:
Dungeon (9/15)             Temple (1/1) D:4            Lair (3/6) D:9
  Snake (0/4) Lair:2
  Swamp: Lair:2-4    Shoals: Lair:2-4       Orc: D:9-12

Altars:
Ashenzari
Cheibriados
Dithmenos
Elyvilon
Fedhas
Gozag
Hepliaklqana
Kikubaaqudgha
Makhleb
Nemelex Xobeh
Okawaru
Qazlal
Ru
Sif Muna
Trog
Uskayaw
Vehumet
Wu Jian
Xom
Yredelemnul
The Shining One

Shops:
D:4 [


Innate Abilities, Weirdness & Mutations

You reflexively headbutt those who attack you in melee.
You have a pair of horns on your head.


Message History

You fail to use your ability.
You block the komodo dragon's attack. You block the death yak's attack.
You sock the komodo dragon! You burn the komodo dragon.
The komodo dragon is moderately wounded.
You block the death yak's attack.
You sock the komodo dragon! You burn the komodo dragon.
You headbutt the komodo dragon!
The komodo dragon is severely wounded.
The komodo dragon bites you!
* * * LOW HITPOINT WARNING * * *
The death yak gores you!
* * * LOW HITPOINT WARNING * * *
As you read the scroll of fear, it crumbles to dust.
You assume a fearsome visage.
The death yak looks frightened!
The death yak easily resists.
The komodo dragon looks frightened!
You block the death yak's attack.
Your shield and plate armour prevent you from hitting the death yak.
The death yak is heavily wounded.
The death yak gores you!!
You die...

......#....#######
..........## #.#.#
..........# ##..###
..........####..##.#
#.........#.#..#..##
.................P#
............).YP..#
.....:........§.†.#
........>.....l.@## ###
#P.............Y§####.#
#..#...[......§§...#..#
#.#..#...............##
#####..#...........###
####............#
###...........##
#..#..........###
#..#P...........#


You could see 2 death yaks and a komodo dragon (fleeing).

Vanquished Creatures
  A hydra (Lair:1)
  3 death yaks (Lair:2)
  A tengu warrior (D:9)
  An unseen horror (D:7)
  An ugly thing (D:9)
  A cyclops (D:9)
  A black mamba (Lair:2)
  3 spiny frogs
  The ghost of sankara the Ruffian, a novice MiTm (D:4)
  2 rime drakes (Lair:2)
  A blink frog (shapeshifter) (D:9)
  3 hippogriffs
  28 yaks
  A basilisk (Lair:1)
  2 wyverns
  A hungry ghost (D:8)
  Menkaure (D:7)
  16 water moccasins
  2 porcupines
  Duvessa (D:6)
  An orc warrior (D:6)
  A sky beast (D:8)
  3 phantoms
  A black bear (Lair:1)
  A centaur (D:6)
  6 ogres
  2 crocodiles
  A gnoll sergeant (D:8)
  11 bullfrogs
  Dowan (D:6)
  A water moccasin zombie (D:8)
  A scorpion (D:9)
  9 killer bees
  2 howler monkeys
  A crimson imp (D:5)
  A gnoll shaman (D:8)
  3 hounds
  3 orc priests
  A jelly (D:5)
  A human zombie (D:8)
  2 iguanas (D:8)
  3 human skeletons (D:8)
  14 orc wizards
  5 worker ants
  8 big kobold zombies (Ossuary)
  A mummy (Ossuary)
  A howler monkey skeleton (D:8)
  7 gnolls (D:8)
  20 adders
  3 oozes
  2 adder skeletons (D:4)
  3 worms
  2 dart slugs (D:1)
  7 leopard geckos
  40 orcs
  2 spectral bats (Ossuary)
  7 giant cockroaches
  4 gnoll zombies (Ossuary)
  6 goblins
  8 hobgoblins
  9 jackals
  3 quokkas
  3 ball pythons
  7 bats
  5 bat simulacra (Ossuary)
  4 frilled lizards
  2 goblin simulacra (Ossuary)
  4 goblin zombies (Ossuary)
  5 hobgoblin zombies (Ossuary)
  A jackal skeleton (D:4)
  A jackal zombie (D:9)
  7 kobolds
  5 kobold simulacra (Ossuary)
  6 kobold zombies (Ossuary)
  An orc skeleton (D:8)
  4 orc zombies
  A quokka skeleton (D:9)
  A quokka zombie (D:6)
  15 rats
  5 spectral goblins (Ossuary)
  2 spectral kobolds (Ossuary)
  4 spectral rats (Ossuary)
362 creatures vanquished.

Vanquished Creatures (others)
  A fungus (Lair:1)
  3 plants
4 creatures vanquished.

Grand Total: 366 creatures vanquished

Notes
Turn   | Place    | Note
-------+----------+-------------------------------------------
     0 | D:1      | grizmgrazm2 the Minotaur Fighter began the quest for the Orb.
     0 | D:1      | Reached XP level 1. HP: 19/19 MP: 0/0
    62 | D:1      | Reached XP level 2. HP: 16/27 MP: 1/1
   327 | D:1      | Reached skill level 4 in Shields
   514 | D:1      | Reached XP level 3. HP: 33/33 MP: 2/2
   996 | D:2      | Reached skill level 1 in Dodging
   996 | D:2      | Reached XP level 4. HP: 37/40 MP: 3/3
  2013 | D:2      | Reached skill level 5 in Shields
  2013 | D:2      | Reached XP level 5. HP: 39/46 MP: 4/4
  2810 | D:4      | Reached XP level 6. HP: 53/53 MP: 5/5
  2832 | D:4      | Reached skill level 6 in Shields
  3101 | D:4      | Reached skill level 5 in Armour
  3101 | D:4      | Reached skill level 7 in Shields
  3172 | D:4      | Reached XP level 7. HP: 60/60 MP: 6/6
  3217 | D:4      | Found Veosofo's Armour Emporium.
  3312 | D:4      | Noticed sankara's ghost (novice MiTm)
  3344 | D:4      | Killed sankara's ghost
  3344 | D:4      | Reached skill level 5 in Maces & Flails
  3535 | D:4      | Found a staircase to the Ecumenical Temple.
  3551 | Temple   | Entered the Ecumenical Temple
  3689 | Temple   | Became a worshipper of Qazlal Stormbringer
  3914 | D:5      | Entered Level 5 of the Dungeon
  3930 | D:5      | Reached skill level 5 in Fighting
  3935 | D:5      | Reached skill level 8 in Shields
  3950 | D:5      | Reached XP level 8. HP: 24/68 MP: 7/7
  4708 | D:5      | Reached skill level 9 in Shields
  4831 | D:6      | Reached * piety under Qazlal
  5055 | D:6      | Noticed Duvessa
  5058 | D:6      | Killed Duvessa
  5059 | D:6      | Noticed Dowan
  5063 | D:6      | Killed Dowan
  5063 | D:6      | Reached skill level 10 in Shields
  5550 | D:6      | Reached XP level 9. HP: 75/75 MP: 8/8
  5721 | D:6      | Identified the Grimoire of Helpful Translocation
  5998 | D:7      | Killed an unseen horror
  6220 | D:7      | Noticed Menkaure
  6230 | D:7      | Killed Menkaure
  6365 | D:7      | Found a hazy altar of Hepliaklqana.
  6479 | D:7      | Found a glowing golden altar of the Shining One.
  6547 | D:7      | Reached ** piety under Qazlal
  6609 | D:8      | Reached skill level 11 in Shields
  6651 | D:8      | Found a sand-covered staircase.
  6658 | Ossuary  | Entered an ossuary
  6760 | Ossuary  | Reached *** piety under Qazlal
  7196 | D:8      | Found an ornate altar of the Wu Jian Council.
  7239 | D:8      | Reached **** piety under Qazlal
  7286 | D:8      | Reached XP level 10. HP: 78/84 MP: 9/9
  7732 | D:8      | Reached skill level 10 in Maces & Flails
  8231 | D:9      | Reached skill level 12 in Shields
  8247 | D:9      | Found a transporter.
  8257 | D:9      | Noticed a cyclops
  8258 | D:9      | Noticed a tengu warrior
  8272 | D:9      | Killed a cyclops
  8276 | D:9      | Noticed a brown ugly thing
  8279 | D:9      | Killed a tengu warrior
  8286 | D:9      | Killed a brown ugly thing
  8290 | D:9      | Reached ***** piety under Qazlal
  8290 | D:9      | Reached skill level 13 in Shields
  8334 | D:9      | Found a transporter.
  8351 | D:9      | Got a serpentine wooden ring
  8791 | D:9      | Identified the ring "Bucvis" {*Drain rElec rF+++ MR+ Slay-6} (You found it on level 9 of the Dungeon)
  8849 | D:9      | Found a staircase to the Lair.
  9055 | Lair:1   | Entered Level 1 of the Lair of Beasts
  9073 | Lair:1   | Noticed a spiny frog
  9078 | Lair:1   | Killed a spiny frog
  9078 | Lair:1   | Reached XP level 11. HP: 92/92 MP: 10/10
  9090 | Lair:1   | Noticed a seven-headed hydra
  9113 | Lair:1   | Killed a seven-headed hydra
  9113 | Lair:1   | Reached skill level 14 in Shields
  9424 | Lair:1   | Got a crystal flail
  9425 | Lair:1   | Identified the +7 flail "Hewaga" {flame, rElec rF- rC+} (You found it on level 1 of the Lair of Beasts)
 10042 | Lair:1   | Reached skill level 15 in Shields
 10123 | Lair:2   | Reached XP level 12. HP: 66/102 MP: 11/11
 10323 | Lair:2   | Found a staircase to the Snake Pit.
 10547 | Lair:3   | Noticed a death yak
 10549 | Lair:3   | Noticed a death yak
 10549 | Lair:3   | Noticed a death yak
 10550 | Lair:3   | Noticed a death yak
 10550 | Lair:3   | Noticed a death yak
 10550 | Lair:3   | Noticed a death yak
 10568 | Lair:2   | Killed a death yak
 10568 | Lair:2   | Reached skill level 16 in Shields
 10584 | Lair:2   | Killed a death yak
 10599 | Lair:2   | Killed a death yak
 10609 | Lair:2   | HP: 1/103 [death yak (11)]
 10611 | Lair:2   | Demolished by a death yak

Vault maps used:
D:1:      lightli_arrival_statue_moat
D:4:      corexii_shack_village, temple_hall_moat, serial_shops,
          nicolae_shop_waterfront
D:5:      first_ration
D:6:      uniq_duvessa
D:7:      tso_metal_star, basic_altar, uniq_menkaure
D:8:      kennysheep_six_static_rooms, nicolae_ossuary_entry_catacombs,
          basic_altar
D:9:      gammafunk_the_bubble, lair_entry_dummy
Temple:   minmay_crystal_snake_temple
Lair:1:   lab_entry_generic, hibernation_bobbens, infiniplex_staircase_pool_2
Lair:2:   minmay_snake_entry_six_corridors
Lair:3:   swamp_mist
Ossuary:  ossuary_zaba_two_paths

Skill      XL: |  1  2  3  4  5  6  7  8  9 10 11 12 |
---------------+-------------------------------------+-----
Armour         | 4 5 6 7 8 9 |  9.7
Fighting       | 4 5 6 7 8 |  8.6
Shields        | 4 5 7 8 10 11 13 15 16 | 16.2
Maces & Flails | 3 4 6 7 9 10 12 | 12.4
Dodging        | 1 2 |  2.1
Stealth        | |  0.1

Action                   |  1- 3 |  4- 6 |  7- 9 | 10-12 || total
-------------------------+-------+-------+-------+-------++-------
Melee: Flail             |   103 |   193 |   437 |   374 ||  1107
       Headbutt          |    13 |    34 |    85 |    90 ||   222
  Use: Scroll            |     1 |     9 |     9 |     3 ||    22
       Potion            |       |       |     1 |     6 ||     7
  Eat: Chunk             |       |     8 |     7 |    29 ||    44
       Ration            |       |       |     2 |     1 ||     3
Armor: Scale mail        |    31 |       |       |       ||    31
       Plate armour      |    25 |   158 |   197 |   177 ||   557
Dodge: Dodged            |    27 |    20 |    44 |    62 ||   153
Block: Shield            |    27 |       |       |       ||    27
       Large shield      |    52 |   195 |   397 |   557 ||  1201

Table legend:
 A = Spawn XP
 B = Non-spawn XP
 C = Spawn XP percentage of total XP
 D = Spawn monster count
 E = Non-spawn monster count
 F = Spawn count percentage of total count
 G = Total turns spent on level
                    A         B        C        D         E        F      G
               +---------+---------+-------+---------+---------+-------+---------
         Total |       0 |   25665 |   0.0 |       0 |     362 |   0.0 | 10611
               +---------+---------+-------+---------+---------+-------+---------
           D:1 |       0 |      53 |   0.0 |       0 |      26 |   0.0 |   879
           D:2 |       0 |     167 |   0.0 |       0 |      33 |   0.0 |  1122
           D:3 |       0 |      75 |   0.0 |       0 |      19 |   0.0 |   785
           D:4 |       0 |     951 |   0.0 |       0 |      28 |   0.0 |   968
           D:5 |       0 |     671 |   0.0 |       0 |      23 |   0.0 |   910
           D:6 |       0 |    1300 |   0.0 |       0 |      29 |   0.0 |  1056
           D:7 |       0 |    1076 |   0.0 |       0 |       8 |   0.0 |   720
           D:8 |       0 |    1902 |   0.0 |       0 |      43 |   0.0 |  1210
           D:9 |       0 |    4282 |   0.0 |       0 |      33 |   0.0 |   901
        Lair:1 |       0 |    6095 |   0.0 |       0 |      28 |   0.0 |   985
        Lair:2 |       0 |    7890 |   0.0 |       0 |      33 |   0.0 |   522
        Lair:3 |       0 |     919 |   0.0 |       0 |       3 |   0.0 |    49
       Ossuary |       0 |     284 |   0.0 |       0 |      56 |   0.0 |   344
               +---------+---------+-------+---------+---------+-------+---------
